 Dungeon Crawl Stone Soup version 0.25-a0-589-g1e14c549ee (webtiles) character file.

Game seed: 13068006667692590599, levelgen mode: deterministic

326 Eurus the Gusty (level 6, 0/42 HPs)
             Began as a Demonspawn Air Elementalist on Mar 12, 2020.
             Slain by an orc wizard
             ... wielding a +0 dagger
              (3 damage)
             ... on level 2 of the Dungeon.
             The game lasted 00:10:19 (3888 turns).

Eurus the Gusty (Demonspawn Air Elementalist)       Turns: 3888, Time: 00:10:20

Health: 0/42       AC:  3    Str:  8    XL:     6   Next: 24%
Magic:  1/11       EV: 12    Int: 19    God:
Gold:   117        SH:  0    Dex: 13    Spells: 8/12 levels left

rFire    . . .     SeeInvis .   f - +0 dagger
rCold    . . .     Gourm    .   (no shield)
rNeg     . . .     Faith    .   a - +0 robe
rPois    .         Spirit   .   (helmet restricted)
rElec    .         Reflect  .   (no cloak)
rCorr    .         Harm     .   o - +0 pair of gloves
MR       .....                  (no boots)
Stlth    ++........             (no amulet)
HPRegen  0.14/turn              (no ring)
MPRegen  0.12/turn              (no ring)

@: no status effects
A: antennae 2
a: no special abilities


You were on level 2 of the Dungeon.
You were not hungry.

You visited 1 branch of the dungeon, and saw 4 of its levels.

You collected 117 gold pieces.

Inventory:

Hand Weapons
 f - a +0 dagger (weapon)
Armour
 a - a +0 robe (worn)
 o - a +0 pair of gloves (worn)
Jewellery
 m - a +5 amulet of reflection {unknown}
 r - an uncursed ring of positive energy {unknown}
Scrolls
 d - a scroll of teleportation {unknown}
 e - a scroll of random uselessness {unknown}
 h - 2 scrolls of enchant armour {unknown}
 i - a scroll of blinking {unknown}
 n - 2 scrolls of magic mapping {unknown}
 p - a scroll of immolation {unknown}
Potions
 b - a potion of brilliance {unknown}
 g - 2 potions of might {unknown}
 j - a potion of flight {unknown}
 k - a potion of degeneration {unknown}
 q - 2 potions of curing {unknown}
Comestibles
 c - 10 rations
 l - 3 chunks of flesh


   Skills:
 + Level 0.5 Fighting
 - Level 1.7 Dodging
 - Level 1.7 Stealth
 + Level 3.8 Spellcasting
 + Level 3.6 Conjurations
 + Level 4.2 Air Magic


You had 8 spell levels left.
You knew the following spells:

 Your Spells              Type           Power        Failure   Level  Hunger
a - Shock                 Conj/Air       ###.         2%          1    None
b - Static Discharge      Conj/Air       ###.....     9%          3    ###....

Your spell library contained the following spells:

 Spells                   Type           Power        Failure   Level  Hunger
 Swiftness                Chrm/Air       ##......     9%          2    ##.....
 Corona                   Hex            #......      14%         1    None
 Dazzling Flash           Conj/Hex       ##....       21%         3    ###....
 Ensorcelled Hibernation  Hex/Ice        #.....       22%         2    ##.....
 Airstrike                Air            ###.......   24%         4    ####...
 Confusing Touch          Hex            #.......     38%         3    ###....
 Tukima's Dance           Hex            #.......     38%         3    ###....
 Lightning Bolt           Conj/Air       ###.......   58%         5    ######.


Dungeon Overview and Level Annotations

Branches:
Dungeon (4/15)
 Temple: D:4-7

Altars:
Elyvilon
Yredelemnul


Innate Abilities, Weirdness & Mutations

You have a pair of antennae on your head.


Message History

Casting: Shock (safe; 2% risk of failure)
Confirm with . or Enter, or press ? or * to list all spells.
Aiming: Shock (safe; 2% risk of failure)
Press: ? - help, Shift-Dir - straight line, f/p - orc wizard
Aim: an orc wizard, wielding a +0 dagger and wearing a +0 robe (lightly wounded)
The zap hits the orc wizard but does no damage.
The orc wizard is lightly wounded.
Casting: Shock (safe; 2% risk of failure)
Confirm with . or Enter, or press ? or * to list all spells.
Aiming: Shock (safe; 2% risk of failure)
Press: ? - help, Shift-Dir - straight line, f/p - orc wizard
Aim: an orc wizard, wielding a +0 dagger and wearing a +0 robe (lightly wounded)
The zap misses the orc wizard.
You barely miss the orc wizard.
The orc wizard is lightly wounded.
The orc wizard closely misses you.
You hit the orc wizard.
The orc wizard is lightly wounded.
The orc wizard hits you with a +0 dagger.
You die...

#.# #.. #.# ###
#.# #.# #.# #.#
#.# ########
##o#### #.......
#.@...# #.......
#.....# #.......
#..(..# #...)...
##.#### #.......
#.#########...(...
#.##......#.......
#.##......#.......
#.......<...(((...
#.##......##.#####


You could see an orc wizard.

Vanquished Creatures
  A hound (D:4)
  2 orc priests (D:3)
  An orc wizard (D:3)
  2 iguanas (D:4)
  A worker ant (D:4)
  A howler monkey zombie (D:3)
  6 adders
  4 worms
  A dart slug (D:1)
  A leopard gecko (D:4)
  5 orcs (D:3)
  7 giant cockroaches
  9 goblins
  10 hobgoblins
  2 jackals (D:1)
  7 kobolds
  A quokka (D:3)
  2 bats
  6 frilled lizards
  2 rats
71 creatures vanquished.

Notes
Turn   | Place    | Note
-------+----------+-------------------------------------------
     0 | D:1      | Eurus the Demonspawn Air Elementalist began the quest for
                  | the Orb.
     0 | D:1      | Reached XP level 1. HP: 13/13 MP: 3/3
   280 | D:1      | Gained mutation: You have a pair of small antennae on your
                  | head. [demonic ancestry]
   280 | D:1      | Reached XP level 2. HP: 19/19 MP: 1/5
   492 | D:1      | Reached skill level 3 in Air Magic
  1007 | D:2      | Found a white marble altar of Elyvilon.
  1154 | D:2      | Reached XP level 3. HP: 24/24 MP: 4/6
  1768 | D:1      | Learned a level 3 spell: Static Discharge
  1877 | D:2      | Reached XP level 4. HP: 30/30 MP: 1/8
  2476 | D:3      | Found a basalt altar of Yredelemnul.
  2767 | D:3      | Gained mutation: You have a pair of antennae on your head.
                  | [demonic ancestry]
  2767 | D:3      | Reached XP level 5. HP: 24/35 MP: 1/9
  2994 | D:3      | You fall into a shaft and drop 1 floor!
  3280 | D:4      | Reached skill level 4 in Air Magic
  3737 | D:4      | Reached XP level 6. HP: 41/41 MP: 6/11
  3881 | D:2      | HP: 2/42 [orc wizard/magic dart (9)]
  3888 | D:2      | Slain by an orc wizard

Levels and vault maps discovered:
D:1:      dpeg_arrival_tiny_a, layout_loops_cross
D:2:      layout_basic, minmay_misc_feat_x, elyvilon_altar_5
D:3:      layout_rooms, overflow_temple_1_default, first_ration
D:4:      minmay_recursive_quarters, layout_loops_cross, temple_doors_ab,
          uniq_grinder

Skill      XL: |  1  2  3  4  5 |
---------------+----------------+-----
Air Magic      | 3 4 |  4.2
Conjurations   | 2 3 |  3.6
Spellcasting   | 3 |  3.8
Fighting       | |  0.5
Dodging        | |  1.7
Stealth        | |  1.7

Action                   |  1- 3 |  4- 6 || total
-------------------------+-------+-------++-------
Melee: Dagger            |    44 |    62 ||   106
 Cast: Shock             |    70 |    97 ||   167
       Static Discharge  |       |     4 ||     4
 Stab: Sleeping          |     3 |       ||     3
  Eat: Chunk             |     3 |     7 ||    10
Armor: Robe              |    14 |    13 ||    27
Dodge: Dodged            |    52 |    47 ||    99

Table legend:
 A = Non-vault XP
 B = Vault XP
 C = Vault XP percentage of total XP
 D = Non-vault monster count
 E = Vault monster count
 F = Vault count percentage of total count
                 A         B        C        D         E       F
            +---------+---------+-------+---------+---------+-------
      Total |     444 |      23 |   4.9 |      67 |       4 |   5.6
            +---------+---------+-------+---------+---------+-------
        D:1 |      33 |       0 |   0.0 |      16 |       0 |   0.0
        D:2 |      77 |       0 |   0.0 |      25 |       0 |   0.0
        D:3 |     177 |       0 |   0.0 |      20 |       0 |   0.0
        D:4 |     157 |      23 |  12.8 |       6 |       4 |  40.0
            +---------+---------+-------+---------+---------+-------
